 Dungeon Sprint DCSS version 0.29.1-12-g30fa7ad0bf (webtiles) character file.

Game seed: 10625985380417917667

51 Groucho the Ducker (level 3, -2/16 HPs)
             Began as a Spriggan Earth Elementalist on Dec 29, 2022.
             Slain by a water elemental (18 damage)
             ... in the Dungeon (Sprint III: "The Ten Rune Challenge").
             The game lasted 00:02:13 (757 turns).

Groucho the Ducker (Spriggan Earth Elementalist)     Turns: 757, Time: 00:02:14

Health: -2/16      AC:  2    Str:  4    XL:     3   Next: 57%
Magic:  10/10      EV: 19    Int: 18    God:
Gold:   24         SH:  0    Dex: 15    Spells: 6/12 levels left

rFire   . . .      SeeInvis +   (weapon restricted)
rCold   . . .      Faith    .   (no shield)
rNeg    . . .      Spirit   .   a - +0 robe
rPois   .          Reflect  .   (helmet restricted)
rElec   .          Harm     .   (no cloak)
rCorr   .          Rampage  .   (gloves unavailable)
Will    .....      NoTele   +   (boots unavailable)
Stlth   ++........              (no amulet)
HPRegen 0.05/turn               (no ring)
MPRegen 0.12/turn               (no ring)

@: very quick
A: very small, no large weapons, unfitting armour, see invisible, speed 3
a: no special abilities


You were in the Dungeon.
You visited 1 branch You collected 24 gold pieces.

Inventory:

Armour
 a - a +0 robe (worn)
Wands
 j - a wand of light (11)
Scrolls
 g - a scroll of blinking
 h - a scroll of acquirement {unknown}
 i - 2 scrolls of identify {unknown}
 k - 3 scrolls of torment {unknown}
Potions
 b - 5 potions of magic
 c - 2 potions of curing
 d - a potion of heal wounds
 e - a potion of haste
 f - a potion of berserk rage
 l - 2 potions of might {unknown}
 m - 4 potions of mutation


   Skills:
 + Level 5.3 Dodging
 - Level 3.0 Stealth
 + Level 5.0 Spellcasting
 * Level 0.0 Conjurations
 - Level 1.3 Transmutations
 * Level 5.3 Earth Magic


You had 6 spell levels left.
You knew the following spells:

 Your Spells              Type           Power      Damage    Failure   Level
a - Sandblast             Erth           46%        2d11      1%          1
b - Stone Arrow           Conj/Erth      28%        3d8       13%         3
c - Passwall              Tmut/Erth      13%        N/A       4%          2

Your spell library contained the following spells:

 Spells                   Type           Power      Damage    Failure   Level
 Petrify                  Tmut/Erth      16%        N/A       32%         4


Dungeon Overview and Level Annotations

Branches:
Dungeon (1/1)

Altars:


Innate Abilities, Weirdness & Mutations

You are very small and have problems with some larger weapons.
You are too small for most types of armour.
You have supernaturally acute eyesight. (SInv)
You cover ground extremely quickly. (Speed+++)


Message History

c - 2 potions of curing (gained 1);
l - 2 orange potions You see here a potion of mutation.
Things that are here:
a potion of mutation; 2 potions of mutation
m - a potion of mutation
m - 2 potions of mutation (gained 1)
m - 4 potions of mutation (gained 2)
You now have 24 gold pieces (gained 18).
You open the door.
A phantom comes into view.
There is an open door here.
Casting: Passwall (safe; 5% risk of failure)
Confirm with . or Enter, or press ? or * to list all spells.
Aiming: Sandblast (safe; 1% risk of failure)
Press: ? - help, Shift-Dir - straight line, f - phantom
Aim: a phantom (dormant, 100% to hit)
The blast of sand hits the phantom!
The phantom is almost destroyed.
Casting: Sandblast (safe; 1% risk of failure)
Confirm with . or Enter, or press ? or * to list all spells.
Aiming: Sandblast (safe; 1% risk of failure)
Press: ? - help, Shift-Dir - straight line, f/p - phantom
Aim: a phantom (almost destroyed, 76% to hit)
The blast of sand hits the phantom!
You destroy the phantom!
Your Spellcasting skill increases to level 5!
Unknown command.
Unknown command.
You enter the shallow water.
Moving in this stuff is going to be slow.
You start resting.
Magic restored.
You start waiting.
Done waiting.
You open the door.
A water elemental comes into view.
The water elemental moves out of view.
The water elemental hits you!!
Ouch! That really hurt!
You die...

▓▓▓▓▓▓▓▓▓▓ ▓▓▓
.#..'....♣♣♣ ♣.#
.#..#......♣ ♣♣.#
'####......♣ ♣..#
....#....~♣♣♣♣..###+#+##
....#...~~.♣.♣♣.#.......
....#..~~~~♣..♣.@.⌠.....
###'#..~≈≈~~~♣♣.#E..####
..÷)#.~~≈~~~....#.⌠.#
....#.~≈~~~.....#...#
....#.~~~.......#+###
#####...........#
................#
▓▓▓▓▓▓▓▓▓▓▓▓▓▓▓▓▓


You could see a water elemental.

Vanquished Creatures
  Jessica (D)
  A human (D)
  A phantom (D)
  3 rats (D)
6 creatures vanquished.

Notes
Turn   | Place    | Note
-------+----------+-------------------------------------------
     0 | D        | Groucho the Spriggan Earth Elementalist began the quest for
                  | the Orb.
     0 | D        | Reached XP level 1. HP: 9/9 MP: 5/5
   187 | D        | Noticed Jessica
   190 | D        | Killed Jessica
   191 | D        | Reached XP level 2. HP: 13/13 MP: 2/8
   380 | D        | Reached skill level 5 in Dodging
   380 | D        | Reached skill level 5 in Earth Magic
   380 | D        | Reached XP level 3. HP: 16/16 MP: 2/10
   600 | D        | Learned a level 3 spell: Stone Arrow
   603 | D        | Learned a level 2 spell: Passwall
   639 | D        | Reached skill level 5 in Spellcasting
   756 | D        | Noticed a water elemental
   757 | D        | Slain by a water elemental

Illustrated notes

Levels and vault maps discovered:
D:        dungeon_sprint_mu [sprint_mu_entry_forest, sprint_mu_temple_rooms,
          sprint_mu_d1_horrors, sprint_mu_d2_genie, sprint_mu_d3_branching,
          sprint_mu_orc_legion, sprint_mu_elf_gauntlet, sprint_mu_hive_nellie,
          sprint_mu_lair_fedhas, sprint_mu_vaults_butterflies,
          sprint_mu_slime_circle, sprint_mu_swamp_cave, sprint_mu_snake_twists,
          sprint_mu_blade_basic, sprint_mu_crypt_lich, sprint_mu_tomb_spiral,
          sprint_mu_vestibule_basic, sprint_mu_gehenna_hellfire,
          sprint_mu_dis_giant, sprint_mu_tartarus_statrot,
          sprint_mu_cocytus_islands, sprint_mu_zot1]

Skill      XL: |  1  2  3 |
---------------+----------+-----
Dodging        | 4 5 |  5.3
Spellcasting   | 4 5 |  5.0
Earth Magic    | 4 5 |  5.3
Stealth        | |  3.0
Transmutations | |  1.3

Action                   || total
-------------------------++-------
Melee: Unarmed           ||    21
 Cast: Sandblast         ||    16
       Passwall          ||     1
Armor: Robe              ||     3
Dodge: Dodged            ||    24
